 Dungeon Crawl Stone Soup version 0.17.1-3-g152610e (webtiles) character file.

75 tyranidshit the Skirmisher (level 4, -1/44 HPs)
             Began as a Troll Berserker on Apr 5, 2016.
             Was a Believer of Trog.
             Slain by a gnoll
             ... wielding a +0 spear
              (4 damage)
             ... on level 2 of the Dungeon.
             The game lasted 00:05:36 (989 turns).

tyranidshit the Skirmisher (Troll Berserker)         Turns: 989, Time: 00:05:37

Health: -1/44      AC:  5    Str: 28    XL:     4   Next: 11%
Magic:  3/3        EV: 10    Int:  3    God:    Trog [**....]
Gold:   30         SH:  0    Dex: 10    Spells: 0 memorised, 3 levels left

rFire  . . .     SeeInvis .     a - +0 hand axe
rCold  . . .     Clarity  .     b - +0 animal skin
rNeg   . . .     SustAt   .     (no shield)
rPois  .         Gourm    +     (helmet restricted)
rElec  .         Spirit   .     (no cloak)
rCorr  .         Warding  .     (gloves unavailable)
rMut   .         Stasis   .     (boots unavailable)
MR     .....                    (no amulet)
Stlth  +.........               (no ring)
                                h - +3 ring of strength

@: exhausted, slowed, very slow, not resistant to hostile enchantments, very
unstealthy
A: unfitting armour, claws 3, fast metabolism 3, gourmand, regeneration 2,
shaggy fur 1, tough skin 2
a: Berserk, Trog's Hand, Burn Spellbooks, Renounce Religion


You were on level 2 of the Dungeon.
You worshipped Trog.
Trog was pleased with you.
You were not hungry.

You visited 1 branch of the dungeon, and saw 2 of its levels.

You collected 30 gold pieces.

Inventory:

Hand Weapons
 a - a +0 hand axe (weapon)
Armour
 b - a +0 animal skin (worn)
Jewellery
 h - a +3 ring of strength (left claw)
 p - an uncursed ring of protection from cold
Scrolls
 d - 2 scrolls of remove curse {unknown}
 g - a scroll of random uselessness {unknown}
 j - a scroll of enchant armour
 k - a scroll of teleportation {unknown}
 l - a scroll of immolation {unknown}
 m - a scroll of enchant weapon {unknown}
 n - a scroll of recharging {unknown}
 o - a scroll of blinking {unknown}
Potions
 e - a potion of curing {unknown}
 q - a potion of mutation {unknown}
Comestibles
 i - 3 fruits


   Skills:
 + Level 2.9 Fighting
 + Level 2.7 Axes
 + Level 1.6 Armour
 + Level 2.9 Dodging


You had 3 spell levels left.
You didn't know any spells.

Dungeon Overview and Level Annotations

Branches:
Dungeon (2/15)

Altars:
Fedhas
Kikubaaqudgha
Trog


Innate Abilities, Weirdness & Mutations

You are too large for most types of armour.
You have claws for hands.
Your metabolism is lightning-fast.
You like to eat raw meat.
You heal very quickly.
You are covered in fur (AC +1).
You have very tough skin (AC +2).


Message History

The gnoll barely misses you.
Things that are here:
a halberd; a gnoll corpse The gnoll hits you from afar with a spear.
You see here a club.
The gnoll misses you.
The gnoll hits you from afar with a halberd.
The gnoll hits you from afar with a spear.
You fail to use your ability.
The gnoll hits you from afar with a spear!
* * * LOW HITPOINT WARNING * * *
The gnoll closely misses you. The gnoll barely misses you.
The gnoll hits you from afar with a spear.
* * * LOW HITPOINT WARNING * * *
The gnoll barely misses you.
The gnoll hits you from afar with a halberd!
* * * LOW HITPOINT WARNING * * *
The gnoll hits you from afar with a spear.
You die...

#........#.#
#........#.########
#.................#
+.............###.#
#....###...#..# #.# #####
#....###..###.# #.# #.PP#
###..##...###.###.####._.#
#^...._.##.........#.P.##
#...#...@.g.....##.##P..#
##.†.###...g.....##..#P.P#
#..).###..#.########g.))..
#...†.#...#.# #..†...
#.#†.....##.# ####P.P
#.##.....##.# #...
#........+..# ##..
####.....#### #P_ #.....#
#.P


You could see 2 gnolls.

Vanquished Creatures
  2 adders (D:2)
  2 gnolls (D:2)
  An ooze (D:1)
  A ball python (D:1)
  6 goblins
  5 hobgoblins
  A quokka (D:2)
  3 bats (D:1)
  A giant gecko (D:1)
  3 giant newts (D:1)
  3 jackals (D:1)
  5 kobolds
  4 rats
37 creatures vanquished.

Notes
Turn   | Place    | Note
--------------------------------------------------------------
     0 | D:1      | tyranidshit the Troll Berserker began the quest for the Orb.
     0 | D:1      | Reached XP level 1. HP: 22/22 MP: 0/0
   148 | D:1      | Reached XP level 2. HP: 29/29 MP: 1/1
   226 | D:1      | Reached skill level 1 in Armour
   513 | D:1      | Reached ** piety under Trog
   669 | D:1      | Reached XP level 3. HP: 36/36 MP: 2/2
   815 | D:2      | Found a bloodstained altar of Trog.
   959 | D:2      | Found an ancient bone altar of Kikubaaqudgha.
   961 | D:2      | Found a blossoming altar of Fedhas.
   971 | D:2      | Reached XP level 4. HP: 44/44 MP: 3/3
   988 | D:2      | HP: 2/44 [gnoll/halberd (12)]
   989 | D:2      | Slain by a gnoll

Action                   |  1- 3 |  4- 6 || total
-------------------------+-------+-------++-------
Melee: Hand axe          |    94 |     1 ||    95
Invok: Berserk           |     2 |       ||     2
       Trog's Hand       |     1 |       ||     1
  Use: Scroll            |     3 |       ||     3
  Eat: Bread ration      |     2 |       ||     2
